 Dungeon Crawl Stone Soup version 0.22-a0-355-g201945f (webtiles) character file.

118558 Slobodan the Warrior (level 16, -24/176 HPs)
             Began as an Ogre Fire Elementalist on Apr 16, 2018.
             Was the Champion of Vehumet.
             Killed from afar by Arachne (35 damage)
             ... with a bolt of poison
             ... on level 3 of the Spider Nest on Apr 17, 2018.
             The game lasted 04:26:50 (22283 turns).

Slobodan the Warrior (Ogre Fire Elementalist)      Turns: 22283, Time: 04:26:51

Health: -24/176    AC:  8    Str: 15 (16) XL:     16   Next: 77%
Magic:  2/40       EV: 10    Int: 20 (21) God:    Vehumet [******]
Gold:   890        SH: 10    Dex:  6 (9)  Spells: 4/37 levels left

rFire    . . .     SeeInvis +   n - +6 war axe (elec)
rCold    . . .     Gourm    .   C - +0 shield {reflect}
rNeg     . . .     Faith    .   Q - +0 troll leather armour
rPois    .         Spirit   .   (helmet restricted)
rElec    .         Reflect  +   o - +2 cloak
rCorr    .         Harm     .   (gloves unavailable)
MR       +....                  (boots unavailable)
Stlth    ++........             B - amulet of the acrobat
HPRegen  0.79/turn              d - ring of magical power
MPRegen  0.27/turn              D - ring of see invisible

@: lethally poisoned (-24 -> -45), about to teleport, slowed, very slow
A: large, unfitting armour, antennae 1, hooves 1, camouflage 1, deterioration 1,
tough skin 1
a: Renounce Religion


You were on level 3 of the Spider Nest.
You worshipped Vehumet.
Vehumet was exalted by your worship.
You were very hungry.

You visited 6 branches of the dungeon, and saw 27 of its levels.

You collected 2119 gold pieces.
You spent 1229 gold pieces at shops.

Inventory:

Hand Weapons
 n - a +6 war axe of electrocution (weapon)
Missiles
 M - 6 large rocks (quivered)
Armour
 e - a scarf of repulsion
 o - a +2 cloak (worn)
 r - a +0 large shield
 C - a +0 shield of reflection (worn)
 J - a +2 robe of magic resistance
 Q - a +0 troll leather armour (worn)
 R - a +1 robe of fire resistance
Magical Staves
 N - an uncursed staff of earth
Jewellery
 d - a ring of magical power (left hand)
 f - an uncursed ring of wizardry
 l - an uncursed ring of flight
 B - an amulet of the acrobat (around neck)
 D - a ring of see invisible (right hand)
 K - an uncursed ring of poison resistance
 L - an uncursed ring of protection from magic
Wands
 k - a wand of polymorph (18)
 x - a wand of paralysis (10)
 A - a wand of digging (9)
 I - a wand of random effects (93)
 O - a wand of iceblast (6)
 P - a wand of disintegration (16)
Scrolls
 h - 5 scrolls of teleportation
 i - a scroll of immolation
 m - 3 scrolls of summoning
 p - a scroll of holy word
 t - 5 scrolls of remove curse
 u - 3 scrolls of fog
 y - 8 scrolls of identify
 F - 4 scrolls of fear
 H - 2 scrolls of amnesia
Potions
 a - 2 potions of might
 b - 4 potions of lignification
 c - 2 potions of curing
 s - a potion of magic
 w - a potion of cancellation
 z - 3 potions of resistance
 E - 2 potions of haste
 G - 4 potions of flight
 S - 2 potions of heal wounds
Comestibles
 g - a chunk of flesh
 j - 28 rations


   Skills:
 - Level 15.0 Fighting
 + Level 7.1 Axes
 - Level 5.0 Dodging
 - Level 1.4 Stealth
 - Level 9.0 Shields
 - Level 11.0 Spellcasting
 + Level 13.2 Conjurations
 - Level 3.0 Charms
 - Level 3.0 Necromancy
 - Level 2.0 Translocations
 - Level 13.0 Fire Magic
 - Level 6.0 Evocations


You had 4 spell levels left.
You knew the following spells:

 Your Spells              Type           Power        Failure   Level  Hunger
a - Flame Tongue          Conj/Fire      #####        1%          1    None
b - Throw Flame           Conj/Fire      ######       1%          2    None
c - Conjure Flame         Conj/Fire      ######..     1%          3    None
d - Sticky Flame          Conj/Fire      ######..     1%          4    ##.....
e - Bolt of Fire          Conj/Fire      ######....   1%          6    ######.
f - Fireball              Conj/Fire      ######....   1%          5    ####...
g - Blink                 Tloc           N/A          4%          2    None
h - Orb of Destruction    Conj           ######....   7%          7    #######
r - Regeneration          Chrm/Necr      ###.......   7%          3    None


Dungeon Overview and Level Annotations

Branches:
Dungeon (14/15)            Temple (1/1) D:5            Lair (6/6) D:8
  Swamp (1/4) Lair:3       Spider (3/4) Lair:3        Slime (0/5) Lair:6
    Orc (2/2) D:11
    Elf: Orc:2       Vaults: D:13-14

Altars:
Ashenzari
Cheibriados
Dithmenos
Elyvilon
Fedhas
Gozag
Hepliaklqana
Kikubaaqudgha
Nemelex Xobeh
Qazlal
Ru
Sif Muna
Trog
Uskayaw
Vehumet
Wu Jian
Xom
Yredelemnul
Zin
The Shining One
Beogh

Shops:
D:5 *   Orc:2 ***%

Annotations:
D:7 Soeti's ghost, novice OpFi
Lair:6 exclusion: 2 oklob plants
Spider:3 Arachne


Innate Abilities, Weirdness & Mutations

You are too large for most types of armour.
You have tough skin. (AC +1)
You have a pair of small antennae on your head.
You have large cloven feet.
Your skin changes colour to match your surroundings (Stealth+).
Your body sometimes deteriorates upon taking damage.


Message History

Confirm with . or Enter, or press ? or * to list all spells.
You blink.
You feel sick.
Found a ration.
Unknown command.
As you read the scroll of teleportation, it crumbles to dust.
You feel strangely unstable.
You feel sick.
Arachne casts a spell.
Arachne blinks!
The jumping spider barely misses you.
The jumping spider bites you but does no damage.
Arachne stares at you and mumbles some strange words.
The bolt of poison hits you!
You are more poisoned.
* * * LOW HITPOINT WARNING * * *
Your body deteriorates!
You feel dopey. The jumping spider barely misses you.
The jumping spider bites you.
* * * LOW HITPOINT WARNING * * *
Arachne stares at you and mumbles some strange words.
The bolt of poison hits you!
You are lethally poisoned!
You die...

........^.... ..!......
....................%..#.........
..........^............##.^$...<.
..............§.........###.^....
.................H...... ##^..s.
.>........(............. ##....
................s....... ##.>.
..^.................>... #≈≈.
...........(.^.s@....... ..#.
....≈.........ws††^..... .. .
....#.......†..........≈
#...#...................
###.#.....^.§†..........
####....#..†.....^≈≈.#
#...#≈..........≈≈≈
#..##..........≈≈##
#####.....#.≈#..≈


You could see Arachne, a torpor snail, a demonic crawler, a jumping spider and a
tarantella.

Vanquished Creatures
  Nikola (Swamp:1)
  Frances (Spider:1)
  2 ghost moths (Spider:3)
  2 orc warlords (Orc:2)
  2 entropy weavers (Spider:3)
  A deep elf annihilator (D:13)
  A yaktaur captain (D:13)
  8 hydras
  3 catoblepae (Lair:6)
  2 alligators (Swamp:1)
  9 death yaks
  4 orc high priests (Orc:2)
  12 two-headed ogres
  An unseen horror (D:12)
  A deep elf archer (D:13)
  5 ugly things
  6 orc knights
  6 orc sorcerers
  10 wolf spiders
  2 oklob plants (Lair:1)
  2 manticores (Lair:6)
  A moth of wrath (Spider:3)
  6 orb spiders
  13 elephants
  2 cyclopes
  A rust devil (D:12)
  Maurice (D:13)
  A black mamba (Lair:4)
  A torpor snail (Lair:3)
  2 gargoyles (D:13)
  11 spiny frogs
  A redback zombie (D:13)
  2 rime drakes
  13 tarantellas
  7 demonic crawlers
  8 komodo dragons
  An efreet (D:11)
  Grum (D:9)
  11 jumping spiders
  2 tengu conjurers (D:13)
  A queen bee (D:13)
  8 wind drakes (D:12)
  3 meliai (D:13)
  A tyrant leech (Lair:3)
  5 trolls
  7 dream sheep (Lair:6)
  16 blink frogs
  2 slime creatures (D:12)
  6 hippogriffs
  A tarantella (shapeshifter) (D:13)
  10 air elementals (D:12)
  39 redbacks
  54 yaks
  3 shadows
  A fire bat (D:4)
  3 wyverns
  3 hungry ghosts
  A steam dragon (D:12)
  7 vampire mosquitoes
  2 soldier ants
  2 wargs (Orc:2)
  18 insubstantial wisps
  2 hell hounds (D:8)
  2 swamp worms (Lair:3)
  12 water moccasins
  A swamp drake (Swamp:1)
  10 porcupines
  2 black bears
  25 orc warriors
  2 ice beasts
  3 sky beasts
  A phantom (D:13)
  A necrophage (D:12)
  15 ogres
  2 wolves
  An eye of draining (D:12)
  6 centaurs
  5 crocodiles
  Blork the orc (D:5)
  A big kobold (D:9)
  9 bullfrogs
  A wyvern zombie (D:11)
  2 scorpions
  35 killer bees
  4 wights (D:10)
  A howler monkey (D:8)
  2 electric eels
  2 crimson imps
  A quasit (D:9)
  25 orc priests
  6 hounds
  5 jellies
  4 bullfrog skeletons
  2 centaur skeletons
  15 orc wizards
  2 iguanas
  7 worker ants
  2 hound skeletons
  A howler monkey zombie (D:11)
  3 gnolls (Orc:1)
  16 adders
  12 white imps (D:13)
  5 oozes
  2 adder skeletons
  5 worms
  5 ball lightnings (D:12)
  A dart slug (D:2)
  6 leopard geckos
  91 orcs
  4 bats (D:2)
  4 giant cockroaches
  11 goblins
  11 hobgoblins
  14 jackals
  2 quokkas
  5 ball pythons
  5 frilled lizards
  6 kobolds
  A leopard gecko skeleton (D:6)
  8 rats
  3 plants (Lair:1)
797 creatures vanquished.

Vanquished Creatures (collateral kills)
  Donald (Spider:1)
  2 orc sorcerers
  A rust devil (D:11)
  A demonic crawler (Spider:1)
  5 jumping spiders
  3 tarantellas
  9 redbacks
  Menkaure (D:7)
  2 wargs
  2 orc warriors (Orc:2)
  A wolf (D:9)
  A bullfrog (D:7)
  An electric eel (Spider:3)
  2 orc priests
  An orc wizard (Orc:2)
  10 orcs
43 creatures vanquished.

Vanquished Creatures (others)
  A wolf spider (Spider:2)
  A troll (Orc:2)
  5 redbacks
  A tarantella (Spider:2)
  A wolf (D:9)
  9 orc warriors
  An ogre (Orc:2)
  A killer bee (D:13)
  10 ball lightnings (D:12)
  2 orcs (Orc:2)
  2 fungi
  9 plants (Lair:6)
43 creatures vanquished.

Grand Total: 883 creatures vanquished

Notes
Turn   | Place    | Note
-------+----------+-------------------------------------------
     0 | D:1      | Slobodan the Ogre Fire Elementalist began the quest for the Orb.
     0 | D:1      | Reached XP level 1. HP: 16/16 MP: 3/3
     5 | D:1      | Reached skill level 1 in Conjurations
   128 | D:1      | Reached XP level 2. HP: 24/24 MP: 3/5
   379 | D:1      | Reached XP level 3. HP: 31/31 MP: 2/7
   522 | D:2      | Found a glowing golden altar of the Shining One.
   523 | D:2      | Found a sparkling altar of Nemelex Xobeh.
   544 | D:2      | Learned a level 3 spell: Conjure Flame
   545 | D:2      | Found a blossoming altar of Fedhas.
   609 | D:2      | Reached XP level 4. HP: 36/39 MP: 4/8
  1007 | D:3      | Found a shadowy altar of Dithmenos.
  1020 | D:3      | Found a deep blue altar of Sif Muna.
  1100 | D:3      | Reached XP level 5. HP: 45/45 MP: 1/9
  1104 | D:3      | Learned a level 2 spell: Throw Flame
  1108 | D:3      | Found a basalt altar of Yredelemnul.
  1607 | D:3      | Found a shattered altar of Ashenzari.
  1824 | D:2      | Reached skill level 1 in Fighting
  1882 | D:2      | Found an opulent altar of Gozag.
  1882 | D:2      | Found a glowing silver altar of Zin.
  1925 | D:4      | Noticed Edmund
  1927 | D:4      | Noticed Edmund
  1927 | D:4      | Edmund changed into Edmund the fire bat
  1931 | D:4      | Killed Edmund the fire bat
  1931 | D:4      | Reached skill level 2 in Fighting
  1931 | D:4      | Reached XP level 6. HP: 45/59 MP: 10/10
  2030 | D:4      | Reached skill level 3 in Fighting
  2049 | D:4      | Reached XP level 7. HP: 58/67 MP: 11/11
  2303 | D:5      | Entered Level 5 of the Dungeon
  2357 | D:5      | Learned a level 4 spell: Sticky Flame
  2392 | D:5      | Found a white marble altar of Elyvilon.
  2397 | D:5      | Reached skill level 5 in Fire Magic
  2456 | D:5      | Found a shimmering altar of Xom.
  2558 | D:5      | Noticed Blork the orc
  2571 | D:5      | Killed Blork the orc
  2682 | D:5      | Found Woxotsyi's General Store.
  2686 | D:5      | Bought a potion of curing for 30 gold pieces
  2686 | D:5      | Bought a scroll of teleportation for 30 gold pieces
  2686 | D:5      | Bought a potion of invisibility for 80 gold pieces
  2712 | D:5      | Found a staircase to the Ecumenical Temple.
  2731 | Temple   | Entered the Ecumenical Temple
  2774 | Temple   | Became a worshipper of Vehumet
  3182 | D:6      | Reached skill level 4 in Fighting
  3206 | D:6      | Reached XP level 8. HP: 61/79 MP: 3/14
  3279 | D:7      | Reached skill level 5 in Fighting
  3279 | D:7      | Reached skill level 5 in Conjurations
  3331 | D:7      | Found a hazy altar of Hepliaklqana.
  3367 | D:7      | Noticed Menkaure
  3378 | D:7      | Killed Menkaure
  3628 | D:6      | Reached * piety under Vehumet
  3628 | D:6      | Offered knowledge of Shock by Vehumet.
  3632 | D:6      | Reached skill level 6 in Fighting
  3902 | D:7      | Noticed Soeti's ghost (novice OpFi)
  4118 | D:8      | Reached XP level 9. HP: 92/92 MP: 15/15
  4138 | D:8      | Reached skill level 7 in Fighting
  4217 | D:8      | Noticed a two-headed ogre
  4235 | D:8      | Killed a two-headed ogre
  4235 | D:8      | Reached skill level 8 in Fighting
  4480 | D:7      | Learned a level 5 spell: Fireball
  4533 | D:8      | Found a staircase to the Lair.
  4615 | D:9      | Reached ** piety under Vehumet
  4619 | D:9      | Offered knowledge of Sting by Vehumet.
  4639 | D:9      | Reached skill level 9 in Fighting
  4665 | D:9      | Noticed Grum
  4689 | D:9      | Killed Grum
  4689 | D:9      | Reached XP level 10. HP: 66/107 MP: 13/16
  4725 | D:9      | You fall through a shaft!
  4725 | D:10     | Entered Level 10 of the Dungeon
  4955 | D:9      | Noticed a two-headed ogre
  4971 | D:9      | Killed a two-headed ogre
  4971 | D:9      | Reached skill level 10 in Fighting
  4997 | D:9      | Found an ornate altar of the Wu Jian Council.
  5000 | D:9      | Found a bloodstained altar of Trog.
  5200 | D:9      | Offered knowledge of Mephitic Cloud by Vehumet.
  5596 | Lair:1   | Entered Level 1 of the Lair of Beasts
  5601 | Lair:1   | Noticed a spiny frog
  5604 | Lair:1   | Killed a spiny frog
  5604 | Lair:1   | Reached skill level 1 in Axes
  5605 | Lair:1   | Noticed a five-headed hydra
  5732 | Lair:1   | Killed a five-headed hydra
  5732 | Lair:1   | Reached skill level 11 in Fighting
  5732 | Lair:1   | Reached XP level 11. HP: 62/120 MP: 7/18
  5854 | Lair:1   | Reached skill level 5 in Spellcasting
  5948 | Lair:1   | Reached *** piety under Vehumet
  5953 | Lair:1   | Learned a level 3 spell: Regeneration
  6154 | Lair:1   | Noticed a four-headed hydra
  6168 | Lair:1   | Killed a five-headed hydra
  6168 | Lair:1   | Reached skill level 1 in Charms
  6168 | Lair:1   | Reached skill level 1 in Necromancy
  6232 | Lair:1   | Noticed an oklob plant
  6232 | Lair:1   | Noticed an oklob plant
  6319 | Lair:1   | Noticed a five-headed hydra
  6333 | Lair:1   | Killed a six-headed hydra
  6359 | Lair:1   | Gained mutation: Your magical capacity is low. (-10% MP) [potion of mutation]
  6359 | Lair:1   | Gained mutation: You passively map a small area around you. [potion of mutation]
  6360 | Lair:1   | Lost mutation: Your magical capacity is low. (-10% MP) [potion of mutation]
  6360 | Lair:1   | Lost mutation: You passively map a small area around you. [potion of mutation]
  6360 | Lair:1   | Gained mutation: You are robust. (+10% HP) [potion of mutation]
  6360 | Lair:1   | Gained mutation: You are occasionally teleported next to monsters. [potion of mutation]
  6360 | Lair:1   | Gained mutation: Your skin changes colour to match your surroundings (Stealth+). [potion of mutation]
  6360 | Lair:1   | Gained mutation: You expend magic power (3 MP) to strengthen your wands. [potion of mutation]
  6591 | Lair:2   | Reached skill level 12 in Fighting
  6661 | Lair:2   | Offered knowledge of Fulminant Prism by Vehumet.
  6746 | Lair:2   | Lost mutation: You are occasionally teleported next to monsters. [potion of mutation]
  6746 | Lair:2   | Lost mutation: You expend magic power (3 MP) to strengthen your wands. [potion of mutation]
  6746 | Lair:2   | Lost mutation: You are robust. (+10% HP) [potion of mutation]
  6746 | Lair:2   | Gained mutation: Your body sometimes deteriorates upon taking damage. [potion of mutation]
  6746 | Lair:2   | Gained mutation: Your flesh is heat resistant. (rF+) [potion of mutation]
  6746 | Lair:2   | Gained mutation: Potions are less effective at restoring your health. [potion of mutation]
  6746 | Lair:2   | Gained mutation: You are agile. (Dex +2) [potion of mutation]
  6747 | Lair:2   | Lost mutation: You are agile. (Dex +2) [potion of mutation]
  6747 | Lair:2   | Lost mutation: Potions are less effective at restoring your health. [potion of mutation]
  6747 | Lair:2   | Lost mutation: Your flesh is heat resistant. (rF+) [potion of mutation]
  6747 | Lair:2   | Lost mutation: Your body sometimes deteriorates upon taking damage. [potion of mutation]
  6747 | Lair:2   | Gained mutation: You have a pair of small antennae on your head. [potion of mutation]
  6747 | Lair:2   | Gained mutation: You have large cloven feet. [potion of mutation]
  6777 | Lair:2   | Reached XP level 12. HP: 123/132 MP: 21/21
  6924 | Lair:2   | Reached skill level 10 in Fire Magic
  7212 | Lair:3   | Noticed a death yak
  7230 | Lair:3   | Killed a death yak
  7311 | Lair:3   | Noticed a death yak
  7336 | Lair:3   | Killed a death yak
  7396 | Lair:3   | Found a hole to the Spider Nest.
  7400 | Lair:3   | Reached **** piety under Vehumet
  7691 | Lair:3   | Found a blossoming altar of Fedhas.
  7754 | Lair:3   | Found a staircase to the Swamp.
  7866 | Lair:4   | Reached skill level 10 in Conjurations
  8057 | Lair:4   | Offered knowledge of Force Lance by Vehumet.
  8057 | Lair:4   | Reached skill level 13 in Fighting
  8711 | Lair:5   | Reached XP level 13. HP: 139/144 MP: 25/25
  9342 | Lair:6   | Entered Level 6 of the Lair of Beasts
  9539 | Lair:6   | Found a staircase to the Slime Pits.
  9649 | Lair:6   | Reached skill level 14 in Fighting
  9810 | Lair:6   | Reached ***** piety under Vehumet
  9812 | Lair:6   | Offered knowledge of Venom Bolt by Vehumet.
 10485 | Lair:6   | Reached skill level 10 in Spellcasting
 10753 | Lair:6   | Reached XP level 14. HP: 132/157 MP: 22/28
 11155 | Lair:6   | Reached skill level 15 in Fighting
 11244 | Lair:6   | Upgraded the game from 0.22-a0-354-g30dfbe6 to 0.22-a0-355-g201945f
 11688 | D:10     | Reached skill level 1 in Shields
 12328 | D:11     | Identified a scroll of acquirement
 12456 | D:11     | Found a staircase to the Orcish Mines.
 12457 | D:11     | Offered knowledge of Spellforged Servitor by Vehumet.
 12507 | D:11     | You fall through a shaft for 2 floors!
 12593 | D:12     | Reached skill level 5 in Axes
 13231 | Orc:1    | Entered Level 1 of the Orcish Mines
 13342 | Orc:1    | Reached skill level 1 in Evocations
 13508 | Orc:2    | Entered Level 2 of the Orcish Mines
 13880 | Orc:2    | Offered knowledge of Irradiate by Vehumet.
 14147 | Orc:2    | Found a roughly hewn altar of Beogh.
 14267 | Orc:2    | Found Dionker's Assorted Antiques.
 14284 | Orc:2    | Found Saesiab's Assorted Antiques.
 14525 | Orc:2    | Noticed an orc warlord
 14539 | Orc:2    | Killed an orc warlord
 14706 | Orc:2    | Reached skill level 5 in Shields
 15132 | Orc:2    | Noticed an orc warlord
 15156 | Orc:2    | Killed an orc warlord
 15156 | Orc:2    | Reached XP level 15. HP: 80/167 MP: 1/29
 15315 | Orc:2    | Found a roughly hewn altar of Beogh.
 15531 | Orc:2    | Gained mutation: Your body sometimes deteriorates upon taking damage. [a neqoxec]
 15647 | Orc:2    | Found Sucro's Food Boutique.
 15680 | Orc:2    | Found Mielunig's General Store.
 15689 | Orc:2    | Bought a wand of enslavement (14) for 240 gold pieces
 15689 | Orc:2    | Bought a scroll of remove curse for 45 gold pieces
 15689 | Orc:2    | Bought a scroll of identify for 30 gold pieces
 15763 | Orc:2    | Bought a potion of curing for 117 gold pieces
 15763 | Orc:2    | Bought a potion of heal wounds for 195 gold pieces
 15763 | Orc:2    | Bought a scroll of fog for 78 gold pieces
 15773 | Orc:2    | Bought an encrusted ivory ring for 160 gold pieces
 15773 | Orc:2    | Bought a runed broad axe for 224 gold pieces
 16193 | D:12     | Reached skill level 5 in Evocations
 16343 | D:12     | Offered knowledge of Bolt of Magma by Vehumet.
 16883 | D:12     | Got an encrusted lajatang
 16884 | D:12     | Identified the +2 lajatang of Kathrode {slice, +Rage rPois rF+ Int+2} (You found it on level 12 of the Dungeon)
 17930 | D:12     | Offered knowledge of Bolt of Fire by Vehumet.
 17939 | D:12     | Learned a level 6 spell: Bolt of Fire
 18356 | D:13     | Reached skill level 5 in Dodging
 18516 | D:13     | Noticed Maurice
 18524 | D:13     | Killed Maurice
 19114 | D:13     | HP: 7/167 [deep elf annihilator/long sword of electrocution (8)]
 19598 | Lair:1   | Learned a level 2 spell: Blink
 19677 | Swamp:1  | Entered Level 1 of the Swamp
 19703 | Swamp:1  | Noticed Nikola
 19715 | Swamp:1  | Killed Nikola
 19715 | Swamp:1  | Reached skill level 1 in Translocations
 19720 | Swamp:1  | Reached XP level 16. HP: 67/176 MP: 25/30
 19824 | Spider:1 | Entered Level 1 of the Spider Nest
 19927 | Spider:1 | Noticed Donald
 19940 | Spider:1 | Killed Donald
 19945 | Spider:1 | Reached ****** piety under Vehumet
 20177 | Spider:1 | Offered knowledge of Poison Arrow by Vehumet.
 20833 | Spider:1 | Noticed Frances
 20974 | Spider:1 | Killed Frances
 21744 | Spider:2 | Offered knowledge of Orb of Destruction by Vehumet.
 21762 | Spider:2 | Learned a level 7 spell: Orb of Destruction
 21846 | Spider:3 | Noticed Arachne
 22283 | Spider:3 | Killed from afar by Arachne

Vault maps used:
D:1:      minmay_arrival_plants_in_alcoves, hangedman_abyss_or_decor_stabs,
          minmay_misc_feat_tiny
D:2:      grunt_temple_overflow_gold_and_silver, fedhas_altar_3,
          gammafunk_temple_overflow_statue, first_ration
D:3:      amethyst_overflow_temple_binary, marbit_many_paths,
          cheibrodos_ashenzari_chains
D:4:      uniq_edmund
D:5:      nicolae_overflow_crystal_walls, kennysheep_mini_moat,
          minmay_temple_entry_mist, serial_shops, nicolae_shop_behind_doors,
          uniq_blork_the_orc
D:6:      kennysheep_generic_room_6
D:7:      old_standard_altar, uniq_crazy_yiuf_cottage, uniq_menkaure
D:8:      minmay_lair_entry_lava, supply_closet_lemuel
D:9:      lemuel_doored_altar, lemuel_crystal_altar, grunt_pizzeria, uniq_grum
D:10:     cheibrodos_iron_armory
D:11:     minmay_cornered_nines, david_orc_2
D:12:     aerie_lemuel
D:13:     regret_index_bee_streams, portal_ice_cave_entry_imps, uniq_maurice
D:14:     erik_vaults_2, serial_park_avenue1
Temple:   nicolae_temple_figure_zero
Lair:1:   minmay_lair_oklob_chamber, grunt_megastairs_5, serial_bayou_shore_b,
          lemuel_fruit_fields, infiniplex_staircase_pool
Lair:2:   kb_xom_exploding_sheep, grunt_megastairs_1, serial_bayou_shore_a,
          infiniplex_staircase_pool_2
Lair:3:   nicolae_swamp_entry_splash_gauntlet,
          nicolae_spider_entry_orb_guardian, basic_altar, lemuel_fruit_fields
Lair:5:   serial_bayou_crossing, grunt_megastairs_4, lemuel_fruit_fields
Lair:6:   evilmike_catoblepas_cave, minmay_slime_entry_oklob_enclosed,
          ldierk_geyser
Swamp:1:  evilmike_swamp_ruin_house_3, uniq_nikola
Spider:1: einodemon_crawler_minivault, uniq_frances, uniq_donald
Spider:2: guppyfry_spider_mini_2
Spider:3: spider_trap, uniq_arachne
Orc:2:    pubby_orc_utopia

Skill      XL: |  1  2  3  4  5  6  7  8  9 10 11 12 13 14 15 16 |
---------------+-------------------------------------------------+-----
Conjurations   | 1 2 3 4 5 7 8 9 10 11 12 13 | 13.2
Fire Magic     | 3 4 5 6 7 9 10 11 12 13 | 13.0
Spellcasting   | 3 4 6 8 10 11 | 11.0
Fighting       | 2 3 4 6 9 11 12 13 14 15 | 15.0
Axes           | 2 4 6 7 |  7.1
Charms         | 2 3 |  3.0
Necromancy     | 2 3 |  3.0
Shields        | 5 7 9 |  9.0
Evocations     | 4 6 |  6.0
Dodging        | 2 5 |  5.0
Translocations | 1 2 |  2.0
Stealth        | |  1.4

Action                   |  1- 3 |  4- 6 |  7- 9 | 10-12 | 13-15 | 16-18 || total
-------------------------+-------+-------+-------+-------+-------+-------++-------
Melee: Dagger            |    14 |    59 |     8 |       |       |       ||    81
       War axe           |       |       |    57 |   114 |   418 |   140 ||   729
       Kick              |       |       |       |    14 |    82 |    33 ||   129
Throw: Stone             |    13 |    12 |       |       |       |       ||    25
       Large rock        |       |     2 |    42 |    75 |    95 |    35 ||   249
       Javelin           |       |       |       |       |    73 |       ||    73
       Tomahawk          |       |       |       |       |     7 |       ||     7
 Cast: Flame Tongue      |    44 |    94 |    93 |    46 |       |       ||   277
       Conjure Flame     |     1 |       |     5 |    17 |    28 |     4 ||    55
       Throw Flame       |       |    11 |     8 |    45 |   246 |    55 ||   365
       Sticky Flame      |       |       |    22 |    68 |   171 |    60 ||   321
       Fireball          |       |       |     1 |    31 |   205 |    41 ||   278
       Regeneration      |       |       |       |    18 |    72 |    17 ||   107
       Blink             |       |       |       |       |       |     8 ||     8
       Bolt of Fire      |       |       |       |       |       |     6 ||     6
       Orb of Destructio |       |       |       |       |       |     5 ||     5
 Abil: Evoke Flight      |       |       |       |       |    18 |       ||    18
       Stop Flying       |       |       |       |       |     5 |       ||     5
       Evoke Berserk Rag |       |       |       |       |     1 |       ||     1
Evoke: Wand              |       |     5 |    10 |     3 |    54 |    25 ||    97
       Phantom mirror    |       |       |       |       |     1 |       ||     1
       Box of beasts     |       |       |       |       |     2 |       ||     2
  Use: Scroll            |       |     5 |    12 |    10 |    21 |     2 ||    50
       Potion            |       |       |     1 |     6 |     6 |     8 ||    21
 Stab: Sleeping          |     1 |     2 |       |     1 |     1 |       ||     5
       Paralysed         |       |       |       |       |     6 |       ||     6
       Distracted        |       |       |       |       |     2 |       ||     2
       Betrayed ally     |       |       |       |       |     1 |       ||     1
  Eat: Ration            |     1 |       |       |     1 |    13 |     3 ||    18
       Chunk             |       |     5 |    14 |    29 |    51 |     9 ||   108
Armor: Robe              |    11 |    21 |    45 |    35 |    42 |       ||   154
       Skin              |       |       |       |    12 |    41 |       ||    53
       Troll leather arm |       |       |       |       |   113 |    82 ||   195
Dodge: Dodged            |    14 |    38 |    65 |    82 |   285 |   145 ||   629
Block: Shield            |       |       |       |       |   219 |   124 ||   343

Table legend:
 A = Spawn XP
 B = Non-spawn XP
 C = Spawn XP percentage of total XP
 D = Spawn monster count
 E = Non-spawn monster count
 F = Spawn count percentage of total count
 G = Total turns spent on level
                    A         B        C        D         E        F      G
               +---------+---------+-------+---------+---------+-------+---------
         Total |       0 |  169369 |   0.0 |       0 |     840 |   0.0 | 22283
               +---------+---------+-------+---------+---------+-------+---------
           D:1 |       0 |      50 |   0.0 |       0 |      26 |   0.0 |   505
           D:2 |       0 |     112 |   0.0 |       0 |      30 |   0.0 |   533
           D:3 |       0 |     179 |   0.0 |       0 |      32 |   0.0 |   928
           D:4 |       0 |     338 |   0.0 |       0 |       8 |   0.0 |   339
           D:5 |       0 |     209 |   0.0 |       0 |      11 |   0.0 |   588
           D:6 |       0 |     572 |   0.0 |       0 |      13 |   0.0 |   523
           D:7 |       0 |     748 |   0.0 |       0 |      22 |   0.0 |   599
           D:8 |       0 |    2001 |   0.0 |       0 |      26 |   0.0 |   689
           D:9 |       0 |    3768 |   0.0 |       0 |      35 |   0.0 |   962
          D:10 |       0 |    2201 |   0.0 |       0 |      10 |   0.0 |   421
          D:11 |       0 |    6247 |   0.0 |       0 |      34 |   0.0 |  1090
          D:12 |       0 |   18202 |   0.0 |       0 |      81 |   0.0 |  2688
          D:13 |       0 |   15241 |   0.0 |       0 |      79 |   0.0 |  1161
          D:14 |       0 |    1339 |   0.0 |       0 |       3 |   0.0 |    11
        Lair:1 |       0 |    9614 |   0.0 |       0 |      29 |   0.0 |  1056
        Lair:2 |       0 |    3694 |   0.0 |       0 |      17 |   0.0 |   547
        Lair:3 |       0 |    6241 |   0.0 |       0 |      21 |   0.0 |   928
        Lair:4 |       0 |    4890 |   0.0 |       0 |      18 |   0.0 |   731
        Lair:5 |       0 |    7381 |   0.0 |       0 |      16 |   0.0 |   884
        Lair:6 |       0 |   19996 |   0.0 |       0 |      49 |   0.0 |  1878
       Swamp:1 |       0 |    5566 |   0.0 |       0 |       7 |   0.0 |    67
      Spider:1 |       0 |   13107 |   0.0 |       0 |      35 |   0.0 |  1360
      Spider:2 |       0 |   13530 |   0.0 |       0 |      48 |   0.0 |   786
      Spider:3 |       0 |   12308 |   0.0 |       0 |      32 |   0.0 |   313
         Orc:1 |       0 |    1993 |   0.0 |       0 |      26 |   0.0 |   457
         Orc:2 |       0 |   19842 |   0.0 |       0 |     132 |   0.0 |  2182
               +---------+---------+-------+---------+---------+-------+---------
